 Dungeon Crawl Stone Soup version 0.22-a0-303-g4a852b3 (webtiles) character file.

74 ololoev the Firebug (level 4, -2/33 HPs)
             Began as a Ghoul Fire Elementalist on Mar 27, 2018.
             Slain by a jackal (3 damage)
             ... on level 2 of the Dungeon.
             The game lasted 00:06:55 (1695 turns).

ololoev the Firebug (Ghoul Fire Elementalist)       Turns: 1695, Time: 00:06:55

Health: -2/33      AC:  2    Str: 11    XL:     4   Next: 28%
Magic:  1/6        EV: 12    Int: 11    God:
Gold:   21         SH:  0    Dex:  9    Spells: 3/7 levels left

rFire    . . .     SeeInvis .   a - +0 dagger (elec)
rCold    + . .     Gourm    .   (no shield)
rNeg     + + +     Faith    .   g - +0 robe
rPois    ∞         Spirit   .   (no helmet)
rElec    .         Reflect  .   (no cloak)
rCorr    .         Harm     .   (no gloves)
MR       .....                  (no boots)
Stlth    ++........             (no amulet)
HPRegen  0.00/turn              (no ring)
MPRegen  0.10/turn              (no ring)

@: very slightly contaminated, rotting
A: rotting body, claws 1, carnivore, cold resistance 1, negative energy
resistance 3, inhibited regeneration, torment resistance, unbreathing
a: no special abilities


Innate Abilities, Weirdness & Mutations

Your body is rotting away.
You thrive on raw meat.
You are immune to poison.
You have sharp fingernails.
You are carnivorous and can eat meat at any time.
Your flesh is cold resistant. (rC+)
You are immune to negative energy. (rN+++)
You do not regenerate when monsters are visible.
You are immune to unholy pain and torment.
You can survive without breathing.

Inventory:

Hand Weapons
 a - a +0 dagger of electrocution (weapon)
Missiles
 d - 24 stones (quivered)
Armour
 g - a +0 robe (worn)
Scrolls
 e - 4 scrolls of identify {unknown}
Potions
 f - 2 potions of curing {unknown}
 h - a potion of brilliance {unknown}
 i - 2 potions of heal wounds {unknown}
Comestibles
 b - 4 chunks of flesh
 c - 4 rations


   Skills:
 * Level 0.6 Short Blades
 - Level 1.7 Dodging
 - Level 2.1 Stealth
 + Level 2.3 Spellcasting
 * Level 2.2 Conjurations
 + Level 2.9 Fire Magic


You had 3 spell levels left.
You knew the following spells:

 Your Spells              Type           Power        Failure   Level  Hunger
a - Flame Tongue          Conj/Fire      #....        10%         1    ##.....
b - Conjure Flame         Conj/Fire      #.......     30%         3    ####...


You were on level 2 of the Dungeon.
You were not hungry.

You visited 1 branch of the dungeon, and saw 2 of its levels.

You collected 21 gold pieces.

.(### ..(. .#(## ###
... ..# .(. ..# #†#
#.### #h# #...# #@#
#.#.# #.# #.#.# #
#.###.###.#####...###
# ...
...##...........# #
...#..##########.#.# #
# .#.#..# #.#.# ## #.
....># #######.#.# #.
#.#
#..####.÷.....#.#####.
...
#.....)...............

Notes
Turn   | Place    | Note
-------+----------+-------------------------------------------
     0 | D:1      | ololoev the Ghoul Fire Elementalist began the quest for the Orb.
     0 | D:1      | Reached XP level 1. HP: 14/14 MP: 2/2
    83 | D:1      | Reached skill level 1 in Conjurations
   133 | D:1      | Reached XP level 2. HP: 11/20 MP: 0/3
   604 | D:1      | Reached XP level 3. HP: 24/26 MP: 3/5
  1243 | D:1      | Learned a level 3 spell: Conjure Flame
  1493 | D:2      | Reached XP level 4. HP: 26/33 MP: 0/6
  1693 | D:2      | HP: 1/33 [jackal (1)]
  1695 | D:2      | Slain by a jackal

Dungeon Overview and Level Annotations

Branches:
Dungeon (2/15)

Altars:


Message History

The jackal stops to sniff the ground.
Casting: Flame Tongue (safe; 10% risk of failure)
Confirm with . or Enter, or press ? or * to list all spells.
Aiming: Flame Tongue (safe; 10% risk of failure)
Press: ? - help, Shift-Dir - straight line, f/p - jackal
Aim: a jackal (almost dead)
The flame tongue hits the jackal.
You kill the jackal!
Casting: Flame Tongue (safe; 10% risk of failure)
Confirm with . or Enter, or press ? or * to list all spells.
Aiming: Flame Tongue (safe; 10% risk of failure)
Press: ? - help, Shift-Dir - straight line, f - jackal
Aim: a jackal You miscast Flame Tongue.
You are very lightly contaminated with residual magic.
Wisps of smoke drift from your claws. The jackal closely misses you.
The jackal bites you but does no damage.
Casting: Flame Tongue (safe; 10% risk of failure)
Confirm with . or Enter, or press ? or * to list all spells.
Aiming: Flame Tongue (safe; 10% risk of failure)
Press: ? - help, Shift-Dir - straight line, f/p - jackal
Aim: a jackal The flame tongue hits the jackal.
The jackal appears unharmed.
The jackal closely misses you.
Casting: Flame Tongue (safe; 10% risk of failure)
Confirm with . or Enter, or press ? or * to list all spells.
Aiming: Flame Tongue (safe; 10% risk of failure)
Press: ? - help, Shift-Dir - straight line, f/p - jackal
Aim: a jackal The flame tongue hits the jackal.
The jackal appears unharmed.
The jackal completely misses you.
Casting: Flame Tongue (safe; 10% risk of failure)
Confirm with . or Enter, or press ? or * to list all spells.
Aiming: Flame Tongue (safe; 10% risk of failure)
Press: ? - help, Shift-Dir - straight line, f/p - jackal
Aim: a jackal The flame tongue misses the jackal.
The flame tongue hits the goblin.
The goblin is severely wounded.
The jackal barely misses you. The jackal misses you.
You hit the jackal.
The jackal is severely wounded.
The jackal closely misses you.
You hit the jackal.
You kill the jackal!
You hit the goblin but do no damage.
The goblin is severely wounded.
The goblin hits you.
You hit the goblin.
You kill the goblin!
The jackal bites you.
You miss the jackal. The jackal bites you.
You closely miss the jackal. The jackal bites you.
Casting: Flame Tongue (safe; 10% risk of failure)
Confirm with . or Enter, or press ? or * to list all spells.
Aiming: Flame Tongue (safe; 10% risk of failure)
Press: ? - help, Shift-Dir - straight line, f - jackal
Aim: a jackal The flame tongue misses the jackal.
The flame tongue hits the bat.
You kill the bat!
The jackal barely misses you.
The jackal bites you but does no damage.
You barely miss the jackal. The jackal bites you.
You hit the jackal but do no damage. The jackal barely misses you.
You hit the jackal but do no damage.
The jackal bites you but does no damage.
The jackal misses you.
You closely miss the jackal. The jackal bites you.
You hit the jackal.
The jackal is heavily wounded.
The jackal closely misses you. The jackal barely misses you.
You barely miss the jackal.
The jackal is heavily wounded.
The jackal bites you.
You barely miss the jackal.
The jackal is heavily wounded.
The jackal barely misses you.
You closely miss the jackal.
The jackal is heavily wounded.
The jackal completely misses you. The jackal bites you.
You die...

You could see a jackal.

Vanquished Creatures
  A gnoll (D:1)
  An adder (D:2)
  A dart slug (D:1)
  2 leopard geckos (D:1)
  6 giant cockroaches (D:1)
  4 goblins
  4 hobgoblins
  11 jackals
  5 kobolds
  A quokka (D:2)
  A ball python (D:1)
  3 bats
  A frilled lizard (D:1)
  3 rats
44 creatures vanquished.

Action                   |  1- 3 |  4- 6 || total
-------------------------+-------+-------++-------
Melee: Unarmed           |    29 |       ||    29
       Dagger            |    17 |    33 ||    50
Throw: Stone             |    69 |    20 ||    89
 Cast: Flame Tongue      |    43 |     9 ||    52
  Eat: Chunk             |    10 |     1 ||    11
Armor: Robe              |    14 |     7 ||    21
Dodge: Dodged            |    54 |    20 ||    74

Vault maps used:
D:1:      shiori_arrival_whats_in_store_for_you,
          corexii_item_surrounded_by_moat, minmay_tree_intersection
